 Dungeon Crawl Stone Soup version 0.31.0-32-g396128a36d (webtiles) character file.

Game seed: 8708335496624734657

357 spaghetti the Covert (level 6, -2/50 HPs)
             Began as a Naga Chaos Knight on Mar 24, 2024.
             Was a Plaything of Xom.
             Shot with an arrow by a centaur (3 damage)
             ... on level 5 of the Dungeon.
             The game lasted 00:03:29 (2623 turns).

spaghetti the Covert (Naga Chaos Knight)            Turns: 2623, Time: 00:03:30

Health: -2/50      AC: 11    Str: 16      XL:     6   Next: 64%
Magic:  6/6        EV:  7    Int: 18 (19) God:    Xom [.*....]
Gold:   326        SH:  0    Dex:  8 (10) Spells: 5/5 levels left

rFire   . . .        l - +2 hand axe (distort)
rCold   + . .        (no shield)
rNeg    . . .        a - +2 leather armour
rPois   +            j - +0 helmet
rElec   .            (no cloak)
rCorr   +            (no gloves)
SInv    +            h - +0 barding {Stlth+}
Will    .....        (no amulet)
Stlth   ++++         k - +6 ring of intelligence
HPRegen 0.28/turn    n - ring of resist corrosion
MPRegen 0.10/turn

%: no passive effects
@: mighty, very slow
A: AC +2, large, see invisible, deformed body, poison resistance, slowness 2,
spit poison 1, naga tail 1, cold resistance 1, deterioration 2, frail 1, sense
surroundings 1
a: Spit Poison, Renounce Religion


You were on level 5 of the Dungeon.
You worshipped Xom.
You were a plaything of Xom.
You visited 1 branch of the dungeon, and saw 5 of its levels.

You collected 326 gold pieces.

Inventory:

Hand Weapons
 l - a +2 hand axe of distortion (weapon)
Missiles
 c - 2 darts of dispersal
 d - 7 poisoned darts
Armour
 a - a +2 leather armour (worn)
 h - a +0 barding of stealth (worn)
 j - a +0 helmet (worn)
Jewellery
 k - a +6 ring of intelligence (left hand)
 n - a ring of resist corrosion (right hand)
Scrolls
 b - a scroll of butterflies
 e - 2 scrolls of poison
 o - a scroll of fear {unknown}
 q - a scroll of amnesia
Potions
 g - a potion of haste
 i - a potion of ambrosia
 m - a potion of degeneration


   Skills:
 - Level 3.0 Fighting
 - Level 1.5 Armour
 - Level 0.7 Dodging
 + Level 8.7 Stealth
 - Level 4.4 Unarmed Combat


You had 5 spell levels left.
You didn't know any spells.
Your spell library contained the following spells:

 Spells                   Type           Power      Damage    Failure   Level
 Foxfire                  Conj/Fire      0%         2x1d4     26%         1
 Plasma Beam              Fire/Air       0%         2x1d10    100%        6
 Starburst                Conj/Fire      0%         6d3       100%        6


Dungeon Overview and Level Annotations

Branches:
Dungeon (5/15)             Temple (0/1) D:4

Altars:
Cheibriados
Dithmenos


Innate Abilities, Weirdness & Mutations

Your serpentine skin is tough. (AC +2)
You have supernaturally acute eyesight. (SInv)
Armour fits poorly on your strangely shaped body.
Your system is resistant to poisons. (rPois)
You cover ground very slowly.
You can spit poison.
You have a snake-like lower body.
Your flesh is cold resistant. (rC+)
Your body often deteriorates upon taking damage.
You are frail. (-10% HP)
You passively map a small area around you.


Message History

Found a stone staircase leading down.
The centaur shoots an arrow.
The arrow closely misses you.
The centaur shoots an arrow.
The arrow hits you!
The shadow imp moves out of view.
You aren't carrying any items that you can evoke.
You feel very mighty all of a sudden.
The centaur shoots an arrow.
The arrow completely misses you.
The centaur shoots an arrow.
The arrow barely misses you.
Found a scroll of blinking.
The centaur shoots an arrow.
The arrow hits you!
Your body deteriorates!
You feel clumsy.
The centaur shoots an arrow.
The arrow hits you.
Found 11 gold pieces.
The centaur shoots an arrow.
The arrow hits you!
* * * LOW HITPOINT WARNING * * *
The centaur shoots an arrow.
The arrow hits you!
* * * LOW HITPOINT WARNING * * *
Your body deteriorates!
You feel dopey.
The centaur shoots an arrow.
The arrow hits you but does no damage.
The centaur unwields a +0 shortbow.
The centaur hits you but does no damage.
The centaur kicks you but does no damage.
The centaur hits you but does no damage.
The centaur kicks you but does no damage.
You closely miss the centaur. The centaur hits you.
* * * LOW HITPOINT WARNING * * *
The centaur kicks you but does no damage.
The centaur hits you but does no damage.
The centaur closely misses you.
You barely miss the centaur.
The centaur hits you but does no damage.
The centaur barely misses you.
The centaur hits you but does no damage.
The centaur kicks you but does no damage.
The shadow imp shouts, "Slither home, thou euchred elf-skinned slime mould!"
You slash the centaur! Your punch misses the centaur.
The centaur is moderately wounded.
The centaur blinks!
The centaur wields a +0 shortbow.
The centaur shoots an arrow.
The arrow hits you.
* * * LOW HITPOINT WARNING * * *
The centaur shoots an arrow.
The arrow hits you.
You die...
Xom roars with laughter!

, , , *
*#........###.. ,
..#>........#..#,
, *#.#..........$#
, #...........?# *
, #...........##
#...........# ,
#...........#
##....@ยง....#
###...........# *
##.....5.$.....#
###...##.......###
###...#####......#
###...#.# #....c.#
* ##...###.#
#......# * #..###
#.# ##....... .###
##. #....... ,


You could see a centaur and a shadow imp.

Vanquished Creatures
  A phantom (D:5)
  A bombardier beetle (D:4)
  2 adders
  A dart slug (D:1)
  5 orcs
  3 ball pythons (D:1)
  7 endoplasms
  4 giant cockroaches
  8 goblins
  10 hobgoblins
  2 jackals (D:3)
  5 kobolds
  3 quokkas
  4 bats (D:1)
  8 frilled lizards
  5 rats (D:1)
69 creatures vanquished.

Notes
Turn   | Place    | Note
-------+----------+-------------------------------------------
     0 | D:1      | spaghetti the Naga Chaos Knight began the quest for the
                  | Orb.
     0 | D:1      | Reached XP level 1. HP: 21/21 MP: 1/1
   146 | D:1      | XOM: silly message
   151 | D:1      | Reached XP level 2. HP: 27/28 MP: 2/2
   359 | D:1      | XOM: divination: detect items
   535 | D:1      | XOM: polymorph hobgoblin -> bat
   539 | D:1      | Reached XP level 3. HP: 34/34 MP: 3/3
   585 | D:1      | XOM: god gift: 2 darts of dispersal
   808 | D:1      | XOM: give mutations
   808 | D:1      | Gained mutation: You passively map a small area around you.
                  | [Xom's grace]
   808 | D:1      | Gained mutation: You have an increased reservoir of magic.
                  | (+10% MP) [Xom's grace]
   916 | D:1      | XOM: god gift: 51 gold pieces
  1044 | D:2      | XOM: god gift: +0 barding of stealth
  1103 | D:2      | XOM: divination: detect creatures
  1207 | D:2      | Reached skill level 1 in Stealth
  1209 | D:2      | XOM: silly message
  1274 | D:2      | Found a shadowy altar of Dithmenos.
  1372 | D:2      | Reached skill level 2 in Stealth
  1378 | D:2      | XOM: summons 2 hostile demons
  1496 | D:3      | Reached XP level 4. HP: 42/42 MP: 4/4
  1567 | D:3      | Reached skill level 3 in Stealth
  1745 | D:3      | XOM: give mutations
  1745 | D:3      | Gained mutation: Your body sometimes deteriorates upon
                  | taking damage. [Xom's mischief]
  1745 | D:3      | Gained mutation: You are frail. (-10% HP) [Xom's mischief]
  1745 | D:3      | Gained mutation: Your flesh is cold resistant. (rC+) [Xom's
                  | mischief]
  2048 | D:4      | Found a snail-covered altar of Cheibriados.
  2062 | D:4      | Noticed a black bear
  2065 | D:4      | Reached skill level 4 in Stealth
  2065 | D:4      | XOM: give mutation
  2065 | D:4      | Gained mutation: You have hidden genetic defects. [Xom's
                  | mischief]
  2069 | D:4      | Banished a black bear
  2070 | D:4      | Reached skill level 6 in Stealth
  2070 | D:4      | Reached XP level 5. HP: 43/44 MP: 5/5
  2077 | D:4      | Lost mutation: You have an increased reservoir of magic.
                  | (+10% MP) [hidden defects]
  2363 | D:4      | Reached skill level 7 in Stealth
  2363 | D:4      | Reached XP level 6. HP: 50/50 MP: 6/6
  2372 | D:4      | Gained mutation: Your body often deteriorates upon taking
                  | damage. [hidden defects]
  2372 | D:4      | Lost mutation: You have hidden genetic defects. [hidden
                  | defects expressed]
  2414 | D:4      | Found a staircase to the Ecumenical Temple.
  2451 | D:4      | XOM: noise
  2568 | D:5      | Entered Level 5 of the Dungeon
  2590 | D:5      | XOM: noise
  2611 | D:5      | Reached skill level 8 in Stealth
  2623 | D:5      | HP: 1/50 [centaur/arrow (5)]
  2623 | D:5      | Shot with an arrow by a centaur

Illustrated notes

Levels and vault maps discovered:
D:1:      doesnt_arrival_eight_statues, layout_loops_corners, minmay_hexomino_u4
D:2:      layout_rooms, basic_altar, kennysheep_generic_room_14
D:3:      layout_basic, minmay_distorted
D:4:      layout_layer_cave, mainiacjoe_overflow_brackets,
          minmay_temple_entry_mist
D:5:      layout_cave_pods

Skill      XL: |  1  2  3  4  5  6 |
---------------+-------------------+-----
Unarmed Combat | 4 |  4.4
Stealth        | 2 6 7 8 |  8.7
Fighting       | |  3.0
Armour         | |  1.5
Dodging        | |  0.7

Action                     |  1- 3 |  4- 6 || total
---------------------------+-------+-------++-------
  Melee: Unarmed           |   117 |       ||   117
         Punch             |     2 |     1 ||     3
         Hand axe          |    15 |    61 ||    76
Ability: Spit Poison       |     1 |       ||     1
    Use: Scroll            |     6 |     3 ||     9
         Potion            |     1 |     6 ||     7
   Stab: Sleeping          |     3 |    12 ||    15
 Armour: Leather armour    |    84 |    67 ||   151
  Dodge: Dodged            |    63 |    27 ||    90
